3168 views
Uploaded 2020-03-10 00:54:12
Game version 1.32.2
17:01 long 4on4 ladder game on (8)NerubianPassage
Saved by ChuckleMan
3168 views
Uploaded 2020-03-10 00:54:12
Game version 1.32.2
17:01 long 4on4 ladder game on (8)NerubianPassage


130 units @ 19k
/ 2.4k
84 buildings @ 10.8k
/ 4.1k

| Healing Salve | 3 | 300 |
| Lesser Clarity Potion | 3 | 210 |
| Potion of Mana | 3 | 600 |
| total: | 9 | 1110g |
| Peon | 11 | 825 | / | 0 |
| Troll Headhunter | 12 | 1680 | / | 240 |
| Troll Berserker | 3 | 420 | / | 60 |
| Shaman | 5 | 650 | / | 100 |
| total: | 31 | 3575g | / | 400w |
| Altar of Storms | 1 | 180 | / | 50 |
| Orc Burrow | 7 | 1120 | / | 280 |
| Barracks | 1 | 180 | / | 50 |
| War Mill | 1 | 205 | / | 0 |
| Voodoo Lounge | 1 | 130 | / | 30 |
| Spirit Lodge | 1 | 150 | / | 150 |
| Stronghold | 2 | 630 | / | 380 |
| Fortress | 1 | 325 | / | 190 |
| total: | 12 | 1965g | / | 560w |
| 0:02 | Peon |
| 0:02 | Peon |
| 0:08 | Altar of Storms |
| 0:18 | Orc Burrow |
| 0:22 | Peon |
| 0:35 | Peon |
| 0:58 | Peon |
| 1:05 | Peon |
| 1:23 | Barracks |
| 1:27 | War Mill |
| 1:34 | Peon |
| 1:40 | Orc Burrow |
| 1:48 | Peon |
| 1:48 | Peon |
| 2:07 | Voodoo Lounge |
| 2:14 | Peon |
| 2:15 | Peon |
| 2:44 | Hex |
| 2:49 | Stronghold |
| 3:03 | Troll Headhunter |
| 3:28 | Troll Headhunter |
| 3:29 | Troll Headhunter |
| 4:02 | Troll Headhunter |
| 4:02 | Troll Headhunter |
| 4:17 | Steel Ranged Weapons |
| 4:22 | Orc Burrow |
| 4:25 | Healing Salve |
| 4:28 | Lesser Clarity Potion |
| 5:14 | Troll Headhunter |
| 5:14 | Troll Headhunter |
| 5:16 | Troll Regeneration |
| 6:06 | Troll Headhunter |
| 6:08 | Fortress |
| 6:18 | Spirit Lodge |
| 6:32 | Healing Wave |
| 7:33 | Healing Wave |
| 8:05 | Troll Headhunter |
| 8:06 | Troll Headhunter |
| 8:06 | Troll Headhunter |
| 8:06 | Troll Headhunter |
| 8:24 | Shaman Adept Training |
| 8:38 | Potion of Mana |
| 9:14 | Lesser Clarity Potion |
| 9:15 | Healing Salve |
| 9:22 | Thorium Ranged Weapons |
| 9:37 | Shaman Master Training |
| 9:51 | Berserker Upgrade |
| 10:34 | Troll Berserker |
| 10:34 | Troll Berserker |
| 10:57 | Hex |
| 11:16 | Troll Berserker |
| 11:20 | Shaman |
| 11:20 | Shaman |
| 11:20 | Shaman |
| 11:20 | Shaman |
| 11:23 | Orc Burrow |
| 12:41 | Steel Armor |
| 12:49 | Shaman |
| 13:04 | Healing Salve |
| 13:11 | Potion of Mana |
| 13:12 | Potion of Mana |
| 13:15 | Lesser Clarity Potion |
| 15:56 | Orc Burrow |
| 15:57 | Orc Burrow |
| 15:57 | Orc Burrow |
| Right click | 832 |
| Select group | 283 |
| Select | 160 |
| Assign group | 129 |
| Chat | 79 |
| Build/train/purchase | 64 |
| Use ability | 48 |
| Minimap ping | 7 |
| Resource trade | 4 |
| Misc. action | 1 |
| Item give/drop | 1 |
| Remove unit | 1 |


| Lesser Clarity Potion | 5 | 350 |
| Scroll of Regeneration | 4 | 400 |
| Potion of Healing | 1 | 150 |
| Scroll of Town Portal | 5 | 1750 |
| Healing Salve | 1 | 100 |
| total: | 16 | 2750g |
| Peasant | 22 | 1650 | / | 0 |
| Footman | 3 | 405 | / | 0 |
| Rifleman | 11 | 2255 | / | 330 |
| Gryphon Rider | 17 | 4760 | / | 1190 |
| total: | 53 | 9070g | / | 1520w |
| Scout Tower | 4 | 120 | / | 80 |
| Arcane Tower | 4 | 280 | / | 200 |
| Guard Tower | 5 | 350 | / | 250 |
| Altar of Kings | 2 | 360 | / | 100 |
| Farm | 13 | 1040 | / | 260 |
| Barracks | 3 | 480 | / | 180 |
| Blacksmith | 1 | 140 | / | 60 |
| Town Hall | 1 | 385 | / | 205 |
| Lumber Mill | 1 | 120 | / | 0 |
| Arcane Vault | 3 | 390 | / | 90 |
| Gryphon Aviary | 3 | 420 | / | 450 |
| Keep | 2 | 640 | / | 420 |
| Castle | 3 | 1080 | / | 630 |
| total: | 31 | 3455g | / | 1425w |
| 0:01 | Peasant |
| 0:02 | Peasant |
| 0:04 | Altar of Kings |
| 0:05 | Altar of Kings |
| 0:18 | Farm |
| 0:21 | Peasant |
| 0:33 | Barracks |
| 0:39 | Peasant |
| 0:52 | Peasant |
| 0:56 | Farm |
| 0:58 | Farm |
| 1:10 | Peasant |
| 1:20 | Peasant |
| 1:37 | Footman |
| 1:43 | Footman |
| 1:44 | Peasant |
| 1:56 | Farm |
| 2:00 | Peasant |
| 2:09 | Peasant |
| 2:26 | Peasant |
| 2:34 | Peasant |
| 2:43 | Thunder Clap |
| 2:54 | Peasant |
| 2:55 | Footman |
| 3:09 | Peasant |
| 3:16 | Blacksmith |
| 3:21 | Peasant |
| 3:40 | Town Hall |
| 3:41 | Peasant |
| 3:44 | Scout Tower |
| 3:48 | Storm Bolt |
| 4:08 | Peasant |
| 4:11 | Farm |
| 4:14 | Arcane Tower |
| 4:27 | Peasant |
| 4:43 | Lumber Mill |
| 4:54 | Peasant |
| 5:05 | Rifleman |
| 5:08 | Peasant |
| 5:30 | Rifleman |
| 5:37 | Keep |
| 5:40 | Scout Tower |
| 5:48 | Storm Bolt |
| 5:58 | Rifleman |
| 6:01 | Black Gunpowder |
| 6:03 | Farm |
| 6:05 | Improved Masonry |
| 6:05 | Advanced Masonry |
| 6:10 | Healing Salve |
| 6:10 | Lesser Clarity Potion |
| 6:21 | Arcane Tower |
| 6:23 | Rifleman |
| 6:33 | Rifleman |
| 6:43 | Scout Tower |
| 6:44 | Scout Tower |
| 6:46 | Farm |
| 6:47 | Farm |
| 7:24 | Rifleman |
| 7:50 | Rifleman |
| 7:51 | Rifleman |
| 8:00 | Thunder Clap |
| 8:00 | Thunder Clap |
| 8:06 | Rifleman |
| 8:09 | Barracks |
| 8:09 | Barracks |
| 8:13 | Castle |
| 8:19 | Gryphon Aviary |
| 8:19 | Gryphon Aviary |
| 8:20 | Gryphon Aviary |
| 8:28 | Arcane Vault |
| 8:28 | Arcane Vault |
| 8:36 | Guard Tower |
| 8:38 | Peasant |
| 8:38 | Peasant |
| 8:44 | Rifleman |
| 9:04 | Rifleman |
| 9:10 | Scroll of Town Portal |
| 9:11 | Lesser Clarity Potion |
| 9:27 | Long Rifles |
| 10:03 | Scroll of Regeneration |
| 10:03 | Potion of Healing |
| 10:04 | Scroll of Town Portal |
| 10:04 | Lesser Clarity Potion |
| 10:06 | Scroll of Town Portal |
| 10:06 | Scroll of Town Portal |
| 10:06 | Scroll of Town Portal |
| 10:17 | Lesser Clarity Potion |
| 10:28 | Farm |
| 10:28 | Farm |
| 10:31 | Guard Tower |
| 10:33 | Arcane Vault |
| 10:33 | Farm |
| 10:34 | Farm |
| 11:11 | Animal War Training |
| 11:13 | Refined Gunpowder |
| 11:13 | Imbued Gunpowder |
| 11:14 | Iron Forged Swords |
| 11:14 | Studded Leather Armor |
| 11:15 | Reinforced Leather Armor |
| 11:15 | Dragonhide Armor |
| 11:43 | Gryphon Rider |
| 11:43 | Gryphon Rider |
| 12:08 | Thunder Clap |
| 12:09 | Lesser Clarity Potion |
| 12:13 | Storm Hammers |
| 12:30 | Gryphon Rider |
| 12:30 | Gryphon Rider |
| 12:31 | Gryphon Rider |
| 12:48 | Farm |
| 13:00 | Gryphon Rider |
| 13:01 | Gryphon Rider |
| 13:01 | Gryphon Rider |
| 13:04 | Holy Light |
| 13:05 | Holy Light |
| 13:19 | Gryphon Rider |
| 13:20 | Gryphon Rider |
| 13:54 | Gryphon Rider |
| 13:54 | Gryphon Rider |
| 13:54 | Gryphon Rider |
| 13:58 | Gryphon Rider |
| 13:58 | Gryphon Rider |
| 14:24 | Gryphon Rider |
| 15:27 | Gryphon Rider |
| 16:41 | Scroll of Regeneration |
| 16:41 | Scroll of Regeneration |
| 16:41 | Scroll of Regeneration |
| Right click | 982 |
| Select group | 768 |
| Select | 379 |
| Build/train/purchase | 163 |
| Assign group | 48 |
| Misc. action | 47 |
| Use ability | 22 |
| Chat | 5 |
| Resource trade | 4 |
| Minimap ping | 3 |
| Esc | 2 |


| Healing Salve | 1 | 100 |
| total: | 1 | 100g |
| Peon | 9 | 675 | / | 0 |
| Grunt | 12 | 2400 | / | 0 |
| total: | 21 | 3075g | / | 0w |
| Orc Burrow | 5 | 800 | / | 200 |
| Altar of Storms | 2 | 360 | / | 100 |
| Barracks | 2 | 360 | / | 100 |
| Voodoo Lounge | 1 | 130 | / | 30 |
| War Mill | 2 | 410 | / | 0 |
| Great Hall | 1 | 385 | / | 185 |
| Tauren Totem | 2 | 270 | / | 310 |
| Stronghold | 1 | 315 | / | 190 |
| Fortress | 1 | 325 | / | 190 |
| total: | 15 | 2715g | / | 925w |
| 0:05 | Orc Burrow |
| 0:07 | Altar of Storms |
| 0:09 | Peon |
| 0:20 | Peon |
| 0:33 | Peon |
| 0:56 | Peon |
| 0:59 | Barracks |
| 1:11 | Peon |
| 1:31 | Peon |
| 1:45 | Orc Burrow |
| 1:52 | Peon |
| 2:07 | Barracks |
| 2:08 | Grunt |
| 2:13 | Endurance Aura |
| 2:37 | Peon |
| 3:13 | Grunt |
| 3:23 | Peon |
| 3:44 | Grunt |
| 4:07 | Voodoo Lounge |
| 4:33 | Orc Burrow |
| 4:40 | Stronghold |
| 4:44 | War Mill |
| 5:20 | Healing Salve |
| 5:30 | Grunt |
| 5:32 | Grunt |
| 6:01 | Orc Burrow |
| 6:16 | War Stomp |
| 6:25 | Grunt |
| 6:26 | Grunt |
| 6:42 | Steel Armor |
| 7:07 | Berserker Strength |
| 7:13 | Pillage |
| 7:16 | Steel Melee Weapons |
| 8:06 | Grunt |
| 9:13 | Grunt |
| 9:30 | Healing Wave |
| 9:48 | Grunt |
| 10:13 | Thorium Armor |
| 11:37 | Fortress |
| 11:41 | Grunt |
| 12:07 | Serpent Ward |
| 12:28 | Great Hall |
| 12:31 | Endurance Aura |
| 12:36 | Thorium Melee Weapons |
| 14:00 | Tauren Totem |
| 14:04 | Tauren Totem |
| 14:08 | Arcanite Melee Weapons |
| 14:09 | Grunt |
| 16:20 | War Mill |
| 16:23 | Altar of Storms |
| 16:30 | Orc Burrow |
| Right click | 396 |
| Select | 188 |
| Chat | 138 |
| Build/train/purchase | 49 |
| Use ability | 9 |
| Select group | 8 |
| Misc. action | 5 |
| Minimap ping | 3 |
| Assign group | 2 |
| Esc | 2 |


| Scroll of Regeneration | 6 | 600 |
| Lesser Clarity Potion | 5 | 350 |
| Potion of Healing | 5 | 750 |
| Potion of Mana | 3 | 600 |
| Scroll of Town Portal | 3 | 1050 |
| Potion of Lesser Invulnerability | 1 | 150 |
| total: | 23 | 3500g |
| Peasant | 18 | 1350 | / | 0 |
| Gryphon Rider | 4 | 1120 | / | 280 |
| Dragonhawk Rider | 2 | 400 | / | 60 |
| Goblin Shredder | 1 | 375 | / | 100 |
| total: | 25 | 3245g | / | 440w |
| Scout Tower | 6 | 180 | / | 120 |
| Arcane Tower | 2 | 140 | / | 100 |
| Guard Tower | 3 | 210 | / | 150 |
| Altar of Kings | 1 | 180 | / | 50 |
| Farm | 10 | 800 | / | 200 |
| Arcane Vault | 1 | 130 | / | 30 |
| Lumber Mill | 2 | 240 | / | 0 |
| Town Hall | 1 | 385 | / | 205 |
| Barracks | 1 | 160 | / | 60 |
| Blacksmith | 1 | 140 | / | 60 |
| Gryphon Aviary | 3 | 420 | / | 450 |
| Keep | 1 | 320 | / | 210 |
| Castle | 1 | 360 | / | 210 |
| total: | 26 | 2635g | / | 1175w |
| 0:05 | Peasant |
| 0:05 | Peasant |
| 0:05 | Peasant |
| 0:06 | Peasant |
| 0:13 | Altar of Kings |
| 0:22 | Farm |
| 0:30 | Peasant |
| 0:31 | Peasant |
| 0:39 | Farm |
| 0:58 | Peasant |
| 0:58 | Peasant |
| 0:58 | Peasant |
| 1:32 | Farm |
| 1:36 | Arcane Vault |
| 1:38 | Peasant |
| 1:39 | Peasant |
| 2:09 | Storm Bolt |
| 2:14 | Peasant |
| 2:14 | Peasant |
| 2:14 | Peasant |
| 2:38 | Peasant |
| 2:39 | Peasant |
| 2:49 | Scout Tower |
| 2:53 | Lumber Mill |
| 3:05 | Lumber Mill |
| 3:11 | Thunder Clap |
| 3:17 | Scroll of Regeneration |
| 3:17 | Lesser Clarity Potion |
| 3:20 | Peasant |
| 3:20 | Peasant |
| 3:21 | Arcane Tower |
| 3:25 | Scout Tower |
| 4:06 | Guard Tower |
| 4:56 | Keep |
| 5:16 | Town Hall |
| 5:18 | Storm Bolt |
| 5:21 | Scout Tower |
| 5:23 | Scout Tower |
| 5:45 | Lesser Clarity Potion |
| 5:45 | Scroll of Regeneration |
| 5:52 | Guard Tower |
| 5:53 | Arcane Tower |
| 5:55 | Scout Tower |
| 5:57 | Scout Tower |
| 6:19 | Goblin Shredder |
| 6:40 | Farm |
| 6:55 | Guard Tower |
| 7:20 | Scroll of Regeneration |
| 7:20 | Lesser Clarity Potion |
| 7:22 | Potion of Healing |
| 7:22 | Potion of Mana |
| 7:49 | Thunder Clap |
| 7:51 | Farm |
| 7:54 | Castle |
| 8:11 | Scroll of Regeneration |
| 8:11 | Lesser Clarity Potion |
| 8:15 | Potion of Healing |
| 8:15 | Potion of Mana |
| 8:17 | Potion of Mana |
| 8:29 | Farm |
| 8:48 | Gryphon Aviary |
| 8:52 | Gryphon Aviary |
| 9:08 | Siphon Mana |
| 9:46 | Potion of Healing |
| 10:01 | Gryphon Aviary |
| 10:22 | Gryphon Rider |
| 10:25 | Farm |
| 10:27 | Barracks |
| 10:29 | Blacksmith |
| 10:45 | Storm Hammers |
| 11:09 | Gryphon Rider |
| 11:56 | Farm |
| 12:00 | Animal War Training |
| 12:07 | Gryphon Rider |
| 12:15 | Banish |
| 12:19 | Iron Forged Swords |
| 12:28 | Farm |
| 12:35 | Scroll of Regeneration |
| 12:38 | Scroll of Town Portal |
| 12:38 | Potion of Healing |
| 12:40 | Lesser Clarity Potion |
| 12:47 | Gryphon Rider |
| 13:51 | Potion of Healing |
| 13:56 | Scroll of Regeneration |
| 13:59 | Dragonhawk Rider |
| 14:00 | Farm |
| 14:02 | Studded Leather Armor |
| 14:08 | Scroll of Town Portal |
| 14:44 | Scroll of Town Portal |
| 14:45 | Potion of Lesser Invulnerability |
| 15:08 | Dragonhawk Rider |
| Right click | 480 |
| Select | 473 |
| Select group | 151 |
| Build/train/purchase | 120 |
| Misc. action | 52 |
| Chat | 50 |
| Use ability | 36 |
| Assign group | 20 |
| Resource trade | 15 |
| Esc | 3 |
| Item give/drop | 2 |
106 units @ 14.8k
/ 2k
85 buildings @ 10.3k
/ 5.2k



| Scroll of Regeneration | 1 | 100 |
| Potion of Healing | 1 | 150 |
| Potion of Mana | 1 | 200 |
| Staff of Sanctuary | 1 | 250 |
| total: | 4 | 700g |
| Peasant | 8 | 600 | / | 0 |
| Rifleman | 10 | 2050 | / | 300 |
| Priest | 3 | 405 | / | 30 |
| total: | 21 | 3055g | / | 330w |
| Scout Tower | 2 | 60 | / | 40 |
| Arcane Tower | 1 | 70 | / | 50 |
| Guard Tower | 1 | 70 | / | 50 |
| Altar of Kings | 1 | 180 | / | 50 |
| Farm | 8 | 640 | / | 160 |
| Blacksmith | 1 | 140 | / | 60 |
| Barracks | 2 | 320 | / | 120 |
| Lumber Mill | 1 | 120 | / | 0 |
| Arcane Vault | 1 | 130 | / | 30 |
| Town Hall | 2 | 770 | / | 410 |
| Arcane Sanctum | 1 | 150 | / | 140 |
| Keep | 1 | 320 | / | 210 |
| Castle | 1 | 360 | / | 210 |
| total: | 19 | 2510g | / | 1010w |
| 0:03 | Peasant |
| 0:03 | Peasant |
| 0:03 | Peasant |
| 1:01 | Altar of Kings |
| 1:04 | Farm |
| 1:06 | Farm |
| 1:11 | Peasant |
| 1:14 | Blacksmith |
| 1:33 | Peasant |
| 1:33 | Peasant |
| 1:33 | Peasant |
| 1:46 | Barracks |
| 1:58 | Farm |
| 2:11 | Peasant |
| 2:42 | Scout Tower |
| 2:58 | Rifleman |
| 3:01 | Summon Water Elemental |
| 3:09 | Rifleman |
| 3:18 | Lumber Mill |
| 4:02 | Keep |
| 4:10 | Studded Leather Armor |
| 4:28 | Arcane Tower |
| 4:31 | Farm |
| 4:51 | Arcane Vault |
| 5:17 | Rifleman |
| 5:26 | Black Gunpowder |
| 5:31 | Farm |
| 5:36 | Rifleman |
| 5:54 | Farm |
| 5:58 | Scout Tower |
| 6:13 | Rifleman |
| 6:26 | Brilliance Aura |
| 6:32 | Long Rifles |
| 6:53 | Guard Tower |
| 6:58 | Improved Lumber Harvesting |
| 7:18 | Scroll of Regeneration |
| 7:20 | Rifleman |
| 7:38 | Holy Light |
| 8:06 | Rifleman |
| 8:08 | Castle |
| 8:10 | Refined Gunpowder |
| 8:31 | Rifleman |
| 8:46 | Farm |
| 9:29 | Reinforced Leather Armor |
| 9:33 | Arcane Sanctum |
| 9:36 | Divine Shield |
| 10:08 | Summon Water Elemental |
| 10:49 | Priest |
| 10:49 | Priest |
| 11:50 | Holy Light |
| 11:59 | Storm Bolt |
| 12:06 | Potion of Healing |
| 12:06 | Potion of Mana |
| 12:07 | Staff of Sanctuary |
| 12:39 | Farm |
| 12:56 | Imbued Gunpowder |
| 12:59 | Priest Adept Training |
| 13:02 | Priest |
| 13:22 | Brilliance Aura |
| 13:41 | Barracks |
| 13:45 | Town Hall |
| 15:19 | Rifleman |
| 15:53 | Devotion Aura |
| 16:14 | Summon Water Elemental |
| 16:18 | Holy Light |
| 16:36 | Town Hall |
| 16:37 | Rifleman |
| Select group | 465 |
| Right click | 443 |
| Select | 147 |
| Misc. action | 116 |
| Build/train/purchase | 70 |
| Chat | 51 |
| Assign group | 39 |
| Use ability | 20 |
| Esc | 1 |

| Scroll of the Beast | 1 | 400 |
| total: | 1 | 400g |
| Peasant | 7 | 525 | / | 0 |
| Goblin Shredder | 2 | 750 | / | 200 |
| Wisp | 17 | 1020 | / | 0 |
| Huntress | 11 | 2145 | / | 220 |
| Chimaera | 4 | 1320 | / | 280 |
| Hippogryph | 12 | 1920 | / | 240 |
| total: | 53 | 7680g | / | 940w |
| Altar of Kings | 1 | 180 | / | 50 |
| Farm | 2 | 160 | / | 40 |
| Altar of Elders | 1 | 180 | / | 50 |
| Moon Well | 10 | 1800 | / | 400 |
| Hunter's Hall | 1 | 210 | / | 100 |
| Ancient of War | 3 | 450 | / | 180 |
| Tree of Life | 1 | 340 | / | 185 |
| Ancient of Wind | 6 | 900 | / | 840 |
| Chimaera Roost | 5 | 700 | / | 950 |
| Tree of Ages | 1 | 320 | / | 180 |
| Tree of Eternity | 1 | 330 | / | 200 |
| total: | 30 | 4920g | / | 2795w |
| 0:02 | Altar of Kings |
| 0:06 | Peasant |
| 0:06 | Peasant |
| 0:09 | Wisp |
| 0:10 | Wisp |
| 0:26 | Altar of Elders |
| 0:28 | Moon Well |
| 0:36 | Farm |
| 0:42 | Wisp |
| 0:42 | Wisp |
| 0:43 | Wisp |
| 0:43 | Wisp |
| 1:04 | Peasant |
| 1:04 | Peasant |
| 1:05 | Wisp |
| 1:06 | Wisp |
| 1:20 | Hunter's Hall |
| 1:29 | Wisp |
| 1:32 | Flame Strike |
| 1:34 | Ancient of War |
| 1:39 | Peasant |
| 1:39 | Peasant |
| 1:45 | Moon Well |
| 1:58 | Ancient of War |
| 2:06 | Peasant |
| 2:06 | Wisp |
| 2:23 | Ancient of War |
| 2:28 | Trueshot Aura |
| 2:33 | Wisp |
| 2:33 | Wisp |
| 2:35 | Moon Well |
| 2:37 | Huntress |
| 2:57 | Moon Well |
| 3:03 | Tree of Ages |
| 3:06 | Huntress |
| 3:10 | Huntress |
| 3:15 | Moon Well |
| 3:26 | Huntress |
| 3:47 | Huntress |
| 3:54 | Strength of the Moon |
| 3:56 | Ultravision |
| 4:05 | Huntress |
| 4:19 | Huntress |
| 4:36 | Tree of Life |
| 4:42 | Improved Strength of the Moon |
| 4:45 | Moon Armor |
| 4:45 | Improved Moon Armor |
| 4:45 | Advanced Moon Armor |
| 5:08 | Moon Well |
| 5:08 | Moon Well |
| 5:10 | Moon Well |
| 5:18 | Farm |
| 5:32 | Tree of Eternity |
| 5:56 | Siphon Mana |
| 6:00 | Moon Glaive |
| 6:08 | Goblin Shredder |
| 6:08 | Goblin Shredder |
| 6:15 | Scout |
| 6:24 | Advanced Strength of the Moon |
| 6:31 | Ancient of Wind |
| 7:18 | Huntress |
| 7:18 | Huntress |
| 7:57 | Flame Strike |
| 8:06 | Huntress |
| 8:08 | Trueshot Aura |
| 8:31 | Wisp |
| 8:31 | Wisp |
| 8:31 | Wisp |
| 9:17 | Chimaera Roost |
| 9:17 | Chimaera Roost |
| 9:17 | Chimaera Roost |
| 9:18 | Chimaera Roost |
| 9:18 | Chimaera Roost |
| 9:21 | Wisp |
| 9:21 | Wisp |
| 9:42 | Huntress |
| 10:26 | Strength of the Wild |
| 10:29 | Moon Well |
| 10:29 | Moon Well |
| 10:48 | Chimaera |
| 11:32 | Chimaera |
| 11:38 | Chimaera |
| 11:44 | Improved Strength of the Wild |
| 11:55 | Scout |
| 12:09 | Chimaera |
| 12:14 | Reinforced Hides |
| 12:26 | Corrosive Breath |
| 12:53 | Siphon Mana |
| 13:04 | Scroll of the Beast |
| 13:42 | Ancient of Wind |
| 13:42 | Ancient of Wind |
| 13:43 | Ancient of Wind |
| 13:43 | Ancient of Wind |
| 13:44 | Ancient of Wind |
| 13:46 | Hippogryph |
| 13:46 | Hippogryph |
| 13:46 | Hippogryph |
| 13:46 | Hippogryph |
| 13:57 | Well Spring |
| 13:59 | Advanced Strength of the Wild |
| 14:03 | Trueshot Aura |
| 15:10 | Hippogryph |
| 15:11 | Hippogryph |
| 15:11 | Hippogryph |
| 15:31 | Hippogryph |
| 15:31 | Hippogryph |
| 15:53 | Starfall |
| 16:02 | Flame Strike |
| 16:32 | Hippogryph |
| 16:33 | Hippogryph |
| 16:33 | Hippogryph |
| Right click | 743 |
| Select | 275 |
| Select group | 260 |
| Resource trade | 140 |
| Chat | 124 |
| Build/train/purchase | 109 |
| Misc. action | 66 |
| Assign group | 48 |
| Use ability | 22 |
| Minimap ping | 8 |
| Esc | 4 |
| Item give/drop | 3 |
| Remove unit | 1 |

| Lesser Clarity Potion | 3 | 210 |
| Scroll of Regeneration | 3 | 300 |
| Orb of Fire | 1 | 325 |
| Potion of Healing | 3 | 450 |
| Scroll of Town Portal | 2 | 700 |
| Boots of Speed | 1 | 250 |
| Staff of Teleportation | 1 | 150 |
| total: | 14 | 2385g |
| Peasant | 20 | 1500 | / | 0 |
| Siege Engine | 11 | 2145 | / | 660 |
| Goblin Shredder | 1 | 375 | / | 100 |
| total: | 32 | 4020g | / | 760w |
| Scout Tower | 17 | 510 | / | 340 |
| Arcane Tower | 1 | 70 | / | 50 |
| Guard Tower | 4 | 280 | / | 200 |
| Altar of Kings | 1 | 180 | / | 50 |
| Farm | 10 | 800 | / | 200 |
| Arcane Vault | 1 | 130 | / | 30 |
| Lumber Mill | 1 | 120 | / | 0 |
| Blacksmith | 1 | 140 | / | 60 |
| Town Hall | 1 | 385 | / | 205 |
| Workshop | 4 | 560 | / | 560 |
| Keep | 1 | 320 | / | 210 |
| Castle | 1 | 360 | / | 210 |
| total: | 36 | 2825g | / | 1445w |
| 0:02 | Peasant |
| 0:02 | Peasant |
| 0:02 | Peasant |
| 0:28 | Altar of Kings |
| 0:32 | Peasant |
| 0:34 | Farm |
| 0:54 | Peasant |
| 0:58 | Arcane Vault |
| 1:05 | Peasant |
| 1:06 | Peasant |
| 1:09 | Scout Tower |
| 1:19 | Farm |
| 1:40 | Peasant |
| 1:50 | Arcane Tower |
| 2:00 | Lumber Mill |
| 2:03 | Peasant |
| 2:03 | Peasant |
| 2:09 | Peasant |
| 2:09 | Peasant |
| 2:36 | Lesser Clarity Potion |
| 2:36 | Lesser Clarity Potion |
| 2:38 | Blizzard |
| 3:13 | Keep |
| 3:16 | Blacksmith |
| 3:19 | Scroll of Regeneration |
| 3:22 | Scroll of Regeneration |
| 3:31 | Farm |
| 4:22 | Brilliance Aura |
| 4:55 | Town Hall |
| 4:58 | Scout Tower |
| 5:21 | Black Gunpowder |
| 5:30 | Guard Tower |
| 5:34 | Boots of Speed |
| 5:34 | Staff of Teleportation |
| 5:51 | Blizzard |
| 6:01 | Peasant |
| 6:02 | Peasant |
| 6:02 | Peasant |
| 6:02 | Peasant |
| 6:06 | Scout Tower |
| 6:08 | Scout Tower |
| 7:00 | Guard Tower |
| 7:02 | Goblin Shredder |
| 7:14 | Scout Tower |
| 7:14 | Scout Tower |
| 7:15 | Scout Tower |
| 7:17 | Scout Tower |
| 7:17 | Scout Tower |
| 7:17 | Scout Tower |
| 7:22 | Peasant |
| 7:22 | Peasant |
| 7:57 | Brilliance Aura |
| 8:12 | Guard Tower |
| 8:21 | Guard Tower |
| 8:36 | Castle |
| 8:41 | Farm |
| 8:44 | Farm |
| 8:45 | Farm |
| 8:46 | Farm |
| 8:46 | Farm |
| 8:47 | Farm |
| 8:48 | Farm |
| 9:48 | Refined Gunpowder |
| 9:49 | Iron Plating |
| 10:00 | Improved Lumber Harvesting |
| 10:00 | Improved Masonry |
| 10:03 | Peasant |
| 10:03 | Peasant |
| 10:06 | Workshop |
| 10:10 | Workshop |
| 10:15 | Workshop |
| 10:18 | Workshop |
| 11:12 | Scroll of Regeneration |
| 11:12 | Lesser Clarity Potion |
| 11:17 | Scroll of Town Portal |
| 11:17 | Orb of Fire |
| 11:23 | Potion of Healing |
| 11:25 | Potion of Healing |
| 11:29 | Barrage |
| 11:30 | Siege Engine |
| 11:32 | Siege Engine |
| 11:32 | Siege Engine |
| 11:32 | Siege Engine |
| 12:08 | Imbued Gunpowder |
| 12:08 | Steel Plating |
| 12:12 | Siege Engine |
| 12:12 | Siege Engine |
| 12:16 | Advanced Masonry |
| 13:15 | Siege Engine |
| 14:07 | Siege Engine |
| 14:07 | Siege Engine |
| 14:37 | Scroll of Town Portal |
| 14:38 | Potion of Healing |
| 15:33 | Scout Tower |
| 15:34 | Scout Tower |
| 15:35 | Scout Tower |
| 15:35 | Scout Tower |
| 15:36 | Scout Tower |
| 15:36 | Scout Tower |
| 15:37 | Scout Tower |
| 16:16 | Blizzard |
| 16:20 | Mithril Plating |
| 16:48 | Siege Engine |
| 16:48 | Siege Engine |
| Right click | 376 |
| Select group | 364 |
| Chat | 308 |
| Build/train/purchase | 101 |
| Select | 94 |
| Assign group | 82 |
| Misc. action | 31 |
| Use ability | 31 |
| Item give/drop | 2 |
| Remove unit | 1 |
| Esc | 1 |
| Minimap ping | 1 |
⇛